 Dungeon Crawl Stone Soup version 0.23.2-1-ga50397a6bc (webtiles) character file.

Game seed: 13037149331963813969

649 Ethylacetat the Digger (level 7, -6/36 HPs)
             Began as a Gargoyle Earth Elementalist on May 10, 2019.
             Mangled by an orc warrior
             ... wielding a +1 battleaxe of draining
              (22 damage)
             ... on level 4 of the Dungeon.
             The game lasted 00:17:51 (4506 turns).

Ethylacetat the Digger (GrEE)                       Turns: 4506, Time: 00:18:21

Health: -6/36      AC:  7    Str: 12    XL:     7   Next: 53%
Magic:  13/15      EV: 12    Int: 17    God:
Gold:   229        SH:  0    Dex: 10    Spells: 15/16 levels left

rFire    . . .     SeeInvis .   s - +3 morningstar (drain)
rCold    . . .     Gourm    .   (no shield)
rNeg     + . .     Faith    .   c - +0 robe
rPois    ∞         Spirit   .   (no helmet)
rElec    +         Reflect  .   (no cloak)
rCorr    .         Harm     .   h - +0 pair of gloves
MR       .....                  (no boots)
Stlth    ++........             (no amulet)
HPRegen  0.12/turn              (no ring)
MPRegen  0.14/turn              (no ring)

@: very slightly contaminated
A: negative energy resistance 1, electricity resistance, unbreathing,
petrification resistance, rot immunity, AC +4
a: no special abilities


You were on level 4 of the Dungeon.
You were not hungry.

You visited 1 branch of the dungeon, and saw 4 of its levels.

You collected 229 gold pieces.

Inventory:

Hand Weapons
 s - a +3 morningstar of draining (weapon)
 u - a +2 whip of venom
Missiles
 b - 46 stones (quivered)
Armour
 c - a +0 robe (worn)
 h - a +0 pair of gloves (worn)
Scrolls
 e - a scroll of teleportation {unknown}
 g - a scroll of magic mapping {unknown}
 k - 3 scrolls of fog {unknown}
 m - 3 scrolls of identify {unknown}
 n - a scroll of remove curse {unknown}
 o - a scroll of immolation {unknown}
 q - a scroll of amnesia {unknown}
 t - 4 scrolls of noise {unknown}
Potions
 a - 2 potions of brilliance {unknown}
 i - a potion of flight {unknown}
 j - a potion of curing {unknown}
 l - a potion of haste {unknown}
 p - 2 potions of berserk rage {unknown}
 r - 2 potions of lignification {unknown}
Comestibles
 d - 4 rations
 f - 2 chunks of flesh


   Skills:
 - Level 1.5 Dodging
 - Level 2.1 Stealth
 + Level 5.4 Spellcasting
   Level 0.7 Transmutations
 + Level 7.7 Earth Magic


You had 15 spell levels left.
You knew the following spells:

 Your Spells              Type           Power        Failure   Level  Hunger
a - Sandblast             Erth           ####..       1%          1    None

Your spell library contained the following spells:

 Spells                   Type           Power        Failure   Level  Hunger
 Passwall                 Tmut/Erth      ###.....     3%          2    #......
 Stone Arrow              Conj/Erth      ###...       9%          3    ##.....
 Animate Skeleton         Necr           N/A          14%         1    None
 Apportation              Tloc           #.....       14%         1    None
 Confusing Touch          Hex            #.....       14%         1    None
 Flame Tongue             Conj/Fire      #....        14%         1    None
 Summon Small Mammal      Summ           #...         14%         1    None
 Lee's Rapid Deconstruct  Erth           ####......   16%         5    ######.
 Throw Flame              Conj/Fire      #.....       21%         2    #......
 Petrify                  Tmut/Erth      ###.....     24%         4    ####...
 Conjure Flame            Conj/Fire      #.......     38%         3    ##.....
 Inner Flame              Hex/Fire       #.......     38%         3    ##.....
 Sticky Flame             Conj/Fire      #.......     80%         4    ####...
 Fireball                 Conj/Fire      #.........   98%         5    ######.


Dungeon Overview and Level Annotations

Branches:
Dungeon (4/15)
 Temple: D:4-7

Altars:
Okawaru
Trog

Annotations:
D:4 2 runed translucent doors


Innate Abilities, Weirdness & Mutations

You are resistant to torment.
Your stone body is resilient. (AC +4)
You are immune to poison.
You resist negative energy. (rN+)
You are resistant to electric shocks. (rElec)
You can survive without breathing.
You are immune to petrification.
You are immune to rotting.


Message History

Press: ? - help, Shift-Dir - straight line, f - orc warrior
Aim: an orc warrior, wielding a +1 battleaxe of draining and wearing a +0 plate armour The blast of sand hits the orc warrior!
The orc warrior is moderately wounded.
b - 46 stones
Casting: Sandblast (safe; 1% risk of failure)
Confirm with . or Enter, or press ? or * to list all spells.
Aiming: Sandblast (safe; 1% risk of failure)
Press: ? - help, Shift-Dir - straight line, f/p - orc warrior
Aim: an orc warrior, wielding a +1 battleaxe of draining and wearing a +0 plate armour (moderately wounded)
You miscast Sandblast.
You are very lightly contaminated with residual magic.
Nothing appears to happen.
You hit the orc warrior.
The orc warrior is heavily wounded.
The orc warrior hits you with a +1 battleaxe of draining!!
Ouch! That really hurt!
The orc warrior hits you with a +1 battleaxe of draining!!
Ouch! That really hurt!
You die...

#.####....## #..........#
+.##++##...# ###8..8##..#
#8....8#..# ##### #.....|#..#
#.... ##### #......#..# #.###
...)# #8....8#.o#############.#
.#######8..8##..@...<.......#.#
##.#.'.##''##..#.##########.#.#
#.#..#...[....##.# #.#.##
####)#..>......#.# #....##
....##..#####..#.# #......
#####...#####..#.# #....##
.................## #.#.##
.......##.#.#.....# #.#.#
.#####.##.#.##.##.# #.#.#


You could see an orc warrior.

Vanquished Creatures
  A sky beast (D:4)
  A phantom (D:4)
  The ghost of Caminho the Cutter, an amateur KoGl (D:3)
  A scorpion (D:2)
  A hound (D:3)
  An orc wizard (D:4)
  Terence (D:3)
  A worker ant (D:4)
  A hound skeleton (D:4)
  3 gnolls (D:4)
  8 adders
  A river rat (D:3)
  An ooze (D:1)
  6 worms
  4 leopard geckos
  2 orcs (D:3)
  3 giant cockroaches
  11 goblins
  8 hobgoblins
  18 jackals
  7 kobolds
  2 quokkas (D:2)
  3 ball pythons
  7 bats
  4 frilled lizards
  A leopard gecko skeleton (D:4)
  A quokka skeleton (D:4)
  12 rats
111 creatures vanquished.

Vanquished Creatures (others)
  An orc (D:3)
  A frilled lizard (D:3)
2 creatures vanquished.

Grand Total: 113 creatures vanquished

Notes
Turn   | Place    | Note
-------+----------+-------------------------------------------
     0 | D:1      | Ethylacetat the Gargoyle Earth Elementalist began the quest
                  | for the Orb.
     0 | D:1      | Reached XP level 1. HP: 10/10 MP: 3/3
   397 | D:1      | Reached skill level 4 in Earth Magic
   397 | D:1      | Reached XP level 2. HP: 8/15 MP: 1/5
   791 | D:1      | Reached XP level 3. HP: 19/19 MP: 6/6
  1156 | D:2      | Found a bloodstained altar of Trog.
  1306 | D:2      | Noticed a scorpion
  1316 | D:2      | Killed a scorpion
  1316 | D:2      | Reached skill level 5 in Earth Magic
  1316 | D:2      | Reached XP level 4. HP: 18/24 MP: 1/9
  1618 | D:2      | Reached XP level 5. HP: 18/28 MP: 7/10
  2283 | D:3      | Found a runed translucent door.
  2483 | D:3      | Found a runed translucent door.
  2486 | D:3      | Noticed Caminho's ghost (amateur KoGl)
  2796 | D:3      | Reached skill level 6 in Earth Magic
  2825 | D:3      | Noticed Terence
  2846 | D:3      | Killed Terence
  2846 | D:3      | Reached XP level 6. HP: 12/32 MP: 12/12
  3073 | D:3      | Killed Caminho's ghost
  3499 | D:4      | Found a large runed translucent door.
  3531 | D:4      | Found a large runed translucent door.
  3532 | D:4      | Noticed a sky beast
  3548 | D:4      | Killed a sky beast
  3548 | D:4      | Reached skill level 7 in Earth Magic
  3548 | D:4      | Reached XP level 7. HP: 30/36 MP: 6/14
  3553 | D:4      | Reached skill level 5 in Spellcasting
  3555 | D:4      | Found a large runed translucent door.
  3555 | D:4      | Found a large runed translucent door.
  3958 | D:4      | Found an iron altar of Okawaru.
  4506 | D:4      | Mangled by an orc warrior

Skill      XL: |  1  2  3  4  5  6  7 |
---------------+----------------------+-----
Earth Magic    | 4 5 6 7 |  7.7
Spellcasting   | 3 4 5 |  5.4
Dodging        | |  1.5
Stealth        | |  2.1
Transmutations | |  0.7

Action                   |  1- 3 |  4- 6 |  7- 9 || total
-------------------------+-------+-------+-------++-------
Melee: Unarmed           |    74 |       |       ||    74
       Short sword       |    50 |   131 |       ||   181
       Morningstar       |       |    95 |    46 ||   141
 Cast: Sandblast         |    27 |    37 |     4 ||    68
 Stab: Sleeping          |     1 |     4 |       ||     5
  Eat: Chunk             |     2 |     7 |     3 ||    12
Armor: Robe              |    47 |    80 |    17 ||   144
Dodge: Dodged            |    89 |   186 |    35 ||   310
